 Dungeon Crawl Stone Soup version 0.17.2-1-ge4368a0 (webtiles) character file.

936 rlgrobin the Cruncher (level 8, 38/38 HPs)
             Began as a Vine Stalker Gladiator on Apr 20, 2017.
             Starved to death
             ... on level 3 of the Dungeon.
             The game lasted 00:06:13 (3178 turns).

rlgrobin the Cruncher (Vine Stalker Gladiator)      Turns: 3178, Time: 00:06:14

Health: 38/38      AC:  0    Str: 18    XL:     8   Next: 12%
Magic:  9/9        EV: 13    Int:  8    God:
Gold:   123        SH:  0    Dex: 17    Spells: 0 memorised, 7 levels left

rFire  . . .     SeeInvis .     (no weapon)
rCold  . . .     Clarity  .     (no armour)
rNeg   . . .     SustAt   .     (no shield)
rPois  .         Gourm    .     (no helmet)
rElec  .         Spirit   +     (no cloak)
rCorr  .         Warding  .     (no gloves)
rMut   .         Stasis   .     (no boots)
MR     +....                    (no amulet)
Stlth  ++........               (no ring)
                                (no ring)

@: fainting, somewhat resistant to hostile enchantments, unstealthy
A: fangs 3, regeneration 2, magic shield, antimagic bite, no device heal 3, rot
immunity
a: no special abilities


You were on level 3 of the Dungeon.
You were fainting.

You visited 1 branch of the dungeon, and saw 4 of its levels.

You collected 123 gold pieces.


Innate Abilities, Weirdness & Mutations

You have razor-sharp teeth.
You heal very quickly.
When hurt, damage is shared between your health and your magic reserves.
Your bite disrupts and absorbs the magic of your enemies.
Potions and wands cannot restore your health.
You are immune to rotting.


   Skills:
 - Level 1.7 Fighting
   Level 8.8 Staves
 - Level 1.7 Throwing
 + Level 0.0 Armour
 - Level 2.4 Dodging
 + Level 0.0 Spellcasting


You had 7 spell levels left.
You didn't know any spells.

Inventory:

Missiles
 d - 4 throwing nets {=f}
Armour
 b - a +0 leather armour
 h - a +0 chain mail
Scrolls
 f - 7 scrolls of identify {unknown}
 g - 2 scrolls of teleportation {unknown}
 i - a scroll of random uselessness {unknown}
 k - 3 scrolls of remove curse {unknown}
 l - a scroll of noise {unknown}
 m - a scroll of enchant weapon {unknown}
 n - a scroll of amnesia {unknown}
 o - a scroll of fear {unknown}
 p - a scroll of recharging {unknown}
Comestibles
 e - 2 bread rations

Dungeon Overview and Level Annotations

Branches:
Dungeon (4/15)
 Temple: D:4-7

Altars:

.....▒.▒ ▒.▒.▒ ▒.▒
.....▒▒▒▒▒.▒.▒ ▒.▒
!............▒ ▒.▒
......▒▒▒▒.▒.▒▒▒▒▒▒▒.▒
.....................▒
......▒▒▒.........▒▒.▒
..................▒▒.▒
▒▒...≈............▒▒.▒
▒.≈##≈.▒▒.▒▒.▒▒f.▒▒.▒
▒▒#≈#≈.....▒▒.▒▒.....▒
▒####≈≈.▒▒.▒▒.▒▒..▒▒▒▒
▒##≈#≈≈.▒▒.▒▒.▒▒..▒▒
▒####≈...▒.........▒
▒#▒▒▒..▒.▒▒▒▒.▒▒.▒▒▒
▒#........▒ ▒.▒▒.▒
..▒▒▒▒▒▒..▒▒▒.▒▒▒▒▒▒▒▒
..▒ ▒.........▒......▒


There were no monsters in sight!


Message History

What do you say? t - Shout!!!
Orders for allies: a - Attack new target! r - Retreat!!! s - Stop attacking! w - Wait here! f - Follow me!
Anything else - Stay silent!
You shout for attention!!!
What do you say? t - Shout!!!
Orders for allies: a - Attack new target! r - Retreat!!! s - Stop attacking! w - Wait here! f - Follow me!
Anything else - Stay silent!
You shout for attention!!!
You're too hungry to rest!
You are fainting from starvation!!!
You lose consciousness!!!
You can move again!
Unknown command!
Unknown command!
Unknown command!
Unknown command!
Unknown command!
Unknown command!
Unknown command!
Unknown command!
You lose consciousness!!!
You can move again!
You have starved to death! rip

Action                   |  1- 3 |  4- 6 |  7- 9 || total
-------------------------+-------+-------+-------++-------
Melee: Quarterstaff      |   103 |    72 |    57 ||   232
  Eat: Bread ration      |       |     1 |       ||     1

Vault maps used:
D:1:      ncdulo_wetmaze
D:2:      first_bread
D:3:      serial_undead, serial_undead_f, serial_undead_b, serial_undead_b,
          serial_undead_d, kennysheep_pointless_box
D:4:      led_sif_book, uniq_edmund, uniq_pikel

Notes
Turn   | Place    | Note
--------------------------------------------------------------
     0 | D:1      | rlgrobin the Vine Stalker Gladiator began the quest for the Orb.
     0 | D:1      | Reached XP level 1. HP: 11/11 MP: 2/2
    54 | D:1      | Reached skill level 3 in Staves
    73 | D:1      | Reached XP level 2. HP: 9/15 MP: 1/3
   393 | D:1      | Reached XP level 3. HP: 15/18 MP: 4/4
   674 | D:2      | Reached skill level 4 in Staves
  1046 | D:2      | Reached XP level 4. HP: 21/23 MP: 5/5
  1277 | D:3      | Reached skill level 5 in Staves
  1432 | D:3      | Reached XP level 5. HP: 15/26 MP: 6/6
  1523 | D:3      | Noticed rlgrobin's ghost (journeyman VSGl)
  1549 | D:3      | Killed rlgrobin's ghost
  1549 | D:3      | Reached skill level 8 in Staves
  1549 | D:3      | Gained mutation: You heal very quickly. [Vine Stalker growth]
  1549 | D:3      | Reached XP level 6. HP: 6/30 MP: 5/7
  1549 | D:3      | Reached XP level 7. HP: 6/34 MP: 5/8
  1832 | D:3      | Gained mutation: You have razor-sharp teeth. [Vine Stalker growth]
  1832 | D:3      | Reached XP level 8. HP: 34/38 MP: 9/9
  3178 | D:3      | Starved to death

Vanquished Creatures
  The ghost of rlgrobin the Cruncher, a journeyman VSGl (D:3)
  2 ogres (D:3)
  A hound (D:3)
  3 adders
  An ooze (D:1)
  An adder skeleton (D:4)
  2 worms
  3 giant geckos
  8 orcs (D:3)
  A ball python (D:4)
  5 bats
  3 giant cockroaches
  4 hobgoblins
  19 jackals
  7 kobolds
  A giant cockroach zombie (D:3)
  2 giant newts
  5 goblins
  A jackal skeleton (D:3)
  2 quokkas
  7 rats
79 creatures vanquished.
